 Dungeon Crawl Stone Soup version 0.31-a0-175-g9f7f995f2b (webtiles) character file.

Game seed: 16385962335618039578

542 Drazool the Magician (level 7, 0/45 HPs)
             Began as a Djinni Fire Elementalist on June 16, 2023.
             Slain by a scorpion (4 damage)
             ... on level 5 of the Dungeon.
             The game lasted 00:10:06 (4071 turns).

Drazool the Magician (Djinni Fire Elementalist)     Turns: 4071, Time: 00:10:06

Health: 0/45       AC:  6    Str: 13    XL:     7   Next: 52%
Gold:   303        EV: 12    Int: 18    God:
                   SH:  0    Dex: 14

rFire   + + .        (no weapon)
rCold   x . .        (no shield)
rNeg    . . .        a - +0 robe
rPois   ∞            (no helmet)
rElec   .            q - +2 cloak
rCorr   .            g - +0 pair of gloves
SInv    .            (boots unavailable)
Will    .....        (no amulet)
Stlth   ++           S - +6 ring of strength
HPRegen 0.27/turn    (no ring)
MPRegen 0.00/turn

%: infuse magic (-1 HP)
@: weakened, flying
A: sickness immunity, fire resistance 2, cold vulnerability 1, float, innate
caster, HP casting, extra vitality 1
a: no special abilities


You were on level 5 of the Dungeon.
You visited 1 branch of the dungeon, and saw 5 of its levels.
You also visited: Sewer.

You collected 303 gold pieces.


Innate Abilities, Weirdness & Mutations

You are immune to sickness and miasma.
You are immune to poison.
Your flesh is very heat resistant. (rF++)
You are vulnerable to cold. (rC-)
You float through the air rather than walking.
You learn spells naturally, not from books.
Your magical power is your life essence.
You have superior vitality. (+4 MHP)


   Skills:
 - Level 2.1 Dodging
 - Level 1.5 Stealth
 + Level 6.3 Spellcasting
 + Level 6.3 Conjurations
 + Level 6.3 Hexes
 + Level 6.3 Summonings
 + Level 6.3 Necromancy
 + Level 6.3 Translocations
 + Level 6.3 Transmutations
 + Level 6.3 Fire Magic
 + Level 6.3 Ice Magic
 + Level 6.3 Air Magic
 + Level 6.3 Earth Magic
 + Level 6.3 Poison Magic


You knew the following spells:

 Your Spells              Type           Power      Damage    Failure   Level
f - Foxfire               Conj/Fire      100%       2x1d9     1%          1
i - Swiftness             Air            28%        N/A       2%          3
r - Inner Flame           Hex/Fire       28%        N/A       2%          3
w - Wereblood             Tmut           28%        N/A       1%          2
z - Summon Small Mammal   Summ           100%       N/A       1%          1
X - Scorch                Fire           56%        2d7       1%          2
Y - Volatile Blastmotes   Fire/Tloc      56%        2d14      2%          3
Z - Flame Wave            Conj/Fire      28%        2d9       9%          4
Your spell library was empty.

Inventory:

Armour
 a - a +0 robe (worn)
 g - a +0 pair of gloves (worn)
 q - a +2 cloak (worn)
Jewellery
 S - a +6 ring of strength (left hand)
Wands
 j - a wand of polymorph (7)
Scrolls
 c - 4 scrolls of teleportation {@r2}
 e - 2 scrolls of immolation
 f - a scroll of acquirement {unknown}
Potions
 b - a potion of ambrosia {unknown}
 d - 3 potions of curing {unknown}
 h - 3 potions of invisibility {unknown}
 i - a potion of mutation {unknown}
 k - 3 potions of might {unknown}
 l - 2 potions of attraction {unknown}
 m - 3 potions of degeneration {unknown}
 n - a potion of haste {unknown}
 o - 2 potions of resistance {unknown}
 p - a potion of cancellation {unknown}
 r - a potion of lignification {unknown}
 s - 2 potions of berserk rage {unknown}

Dungeon Overview and Level Annotations

Branches:
Dungeon (5/15)              Sewer (visited)
 Temple: D:4-7

Altars:

Shops:
D:1 (

Annotations:
D:5 Eustachio

#.......# #............
##.....#####........)..
#.....##..#......##...
#...............##....
#..............###....
##....................
###...................
###.....†.....##.##.....
#......@..##..##.#......
##...gs#.......#........
####.g.##............#..
##.#)g...............##.. #
###.5)..#......#.......# .. #.
##.#.###.#.#..##........# . ##.#
#.....##...##..#..........
..g.##).g#......................
#..g###.#....#................


You could see a gnoll bouda, a scorpion, 2 gnolls and a white imp (summoned).


Message History

Flames lash the gnoll.
You kill the gnoll!
You conjure some foxfire!
The gnoll bouda gazes fiercely through you!
You feel your attacks grow feeble.
Your foxfire dissipates!
Eustachio the Magnificent comes into view.
He is wielding a +0 rapier.
Eustachio shouts!
The foxfire hits the gnoll but does no damage.
The gnoll completely misses you.
The gnoll bouda barks out a call to the hunt!
Casting: Foxfire (safe; 1% risk of failure)
Confirm with . or Enter, or press ? or * to list all spells.
Okay, then.
The gnoll hits you but does no damage.
Eustachio casts a spell.
Eustachio mumbles some strange words.
Eustachio blinks!
The gnoll hits you from afar with a +0 halberd!
Casting: Foxfire (safe; 1% risk of failure)
Confirm with . or Enter, or press ? or * to list all spells.
A cloud of volatile blastmotes flares up around you!
* * * LOW HITPOINT WARNING * * *
The gnoll is no longer moving quickly. x2
The gnoll hits you from afar with a +1 vampiric spear!
* * * LOW HITPOINT WARNING * * *
The gnoll hits you from afar with a +0 halberd!
* * * LOW HITPOINT WARNING * * *
The scorpion attacks as you move away! The scorpion stings you.
You die...

Skill      XL: |  1  2  3  4  5  6  7 |
---------------+----------------------+-----
Spellcasting   | 4 5 6 |  6.3
Conjurations   | 4 5 6 |  6.3
Hexes          | 4 5 6 |  6.3
Summonings     | 4 5 6 |  6.3
Necromancy     | 4 5 6 |  6.3
Translocations | 4 5 6 |  6.3
Transmutations | 4 5 6 |  6.3
Fire Magic     | 4 5 6 |  6.3
Ice Magic      | 4 5 6 |  6.3
Air Magic      | 4 5 6 |  6.3
Earth Magic    | 4 5 6 |  6.3
Poison Magic   | 4 5 6 |  6.3
Dodging        | |  2.1
Stealth        | |  1.5

Action                     |  1- 3 |  4- 6 |  7- 9 || total
---------------------------+-------+-------+-------++-------
  Melee: Unarmed           |       |     4 |       ||     4
   Cast: Foxfire           |    54 |   102 |    15 ||   171
         Scorch            |     8 |     7 |     4 ||    19
         Volatile Blastmot |       |     1 |     3 ||     4
         Flame Wave        |       |       |     1 ||     1
    Use: Scroll            |       |     4 |       ||     4
 Armour: Robe              |     2 |     3 |     2 ||     7
  Dodge: Dodged            |     3 |     4 |     5 ||    12

Levels and vault maps discovered:
D:1:      lightli_arrival_statuegarden, layout_basic, serial_shops, shop,
          serial_co_window_serial, co_window_paths_b, co_window_paths_b,
          co_window_paths_a, co_window_paths_a, co_window_corner_a,
          co_window_paths_a, co_window_cross_1, co_window_corner_b,
          co_window_2corner, co_window_of_opportunity_c, co_window_broadway_a,
          co_window_broadway_c, co_window_paths_e, co_window_4corner_a,
          corexii_leaking_fountain, amcnicky_mini_pool_small,
          minmay_close_crescents
D:2:      layout_loops_corners, lexackson_kobold_supper, uniq_jessica
D:3:      minmay_evil_eye, layout_basic, lemuel_coloured_pillars_altar
D:4:      layout_basic, cheibrodos_sewer_entry_sluice
D:5:      layout_cave_pools, mainiacjoe_overflow_cross_hatched,
          mainiacjoe_overflow_small_starburst, uniq_eustachio,
          uniq_blork_the_orc

Notes
Turn   | Place    | Note
-------+----------+-------------------------------------------
     0 | D:1      | Reached skill level 3 in Spellcasting
     0 | D:1      | Reached skill level 3 in Conjurations
     0 | D:1      | Reached skill level 3 in Hexes
     0 | D:1      | Reached skill level 3 in Summonings
     0 | D:1      | Reached skill level 3 in Necromancy
     0 | D:1      | Reached skill level 3 in Translocations
     0 | D:1      | Reached skill level 3 in Transmutations
     0 | D:1      | Reached skill level 3 in Fire Magic
     0 | D:1      | Reached skill level 3 in Ice Magic
     0 | D:1      | Reached skill level 3 in Air Magic
     0 | D:1      | Reached skill level 3 in Earth Magic
     0 | D:1      | Reached skill level 3 in Poison Magic
     0 | D:1      | Drazool the Djinni Fire Elementalist began the quest for
                  | the Orb.
     0 | D:1      | Drazool set off with the following spells memorised:
                  | Foxfire, Scorch, Volatile Blastmotes, Inner Flame, Flame
                  | Wave.
     0 | D:1      | Reached XP level 1. HP: 15/15 MP: 0/0
    27 | D:1      | Reached XP level 2. HP: 15/21 MP: 0/0
   380 | D:1      | Found Ylulongo's Antique Weapon Boutique.
   517 | D:1      | Reached XP level 3. HP: 22/25 MP: 0/0
   517 | D:1      | Learned a level 1 spell: Summon Small Mammal
  1373 | D:2      | Reached skill level 4 in Spellcasting
  1373 | D:2      | Reached skill level 4 in Conjurations
  1373 | D:2      | Reached skill level 4 in Hexes
  1373 | D:2      | Reached skill level 4 in Summonings
  1373 | D:2      | Reached skill level 4 in Necromancy
  1373 | D:2      | Reached skill level 4 in Translocations
  1373 | D:2      | Reached skill level 4 in Transmutations
  1373 | D:2      | Reached skill level 4 in Fire Magic
  1373 | D:2      | Reached skill level 4 in Ice Magic
  1373 | D:2      | Reached skill level 4 in Air Magic
  1373 | D:2      | Reached skill level 4 in Earth Magic
  1373 | D:2      | Reached skill level 4 in Poison Magic
  1373 | D:2      | Reached XP level 4. HP: 27/31 MP: 0/0
  1767 | D:2      | Noticed Jessica
  1772 | D:2      | Killed Jessica
  2123 | D:2      | Reached XP level 5. HP: 32/35 MP: 0/0
  2123 | D:2      | Learned a level 2 spell: Wereblood
  3162 | D:4      | Found a glowing drain.
  3195 | Sewer    | Entered a sewer
  3212 | Sewer    | Reached skill level 5 in Spellcasting
  3212 | Sewer    | Reached skill level 5 in Conjurations
  3212 | Sewer    | Reached skill level 5 in Hexes
  3212 | Sewer    | Reached skill level 5 in Summonings
  3212 | Sewer    | Reached skill level 5 in Necromancy
  3212 | Sewer    | Reached skill level 5 in Translocations
  3212 | Sewer    | Reached skill level 5 in Transmutations
  3212 | Sewer    | Reached skill level 5 in Fire Magic
  3212 | Sewer    | Reached skill level 5 in Ice Magic
  3212 | Sewer    | Reached skill level 5 in Air Magic
  3212 | Sewer    | Reached skill level 5 in Earth Magic
  3212 | Sewer    | Reached skill level 5 in Poison Magic
  3242 | Sewer    | Noticed Pargi
  3250 | Sewer    | Killed Pargi
  3251 | Sewer    | Reached XP level 6. HP: 37/40 MP: 0/0
  3891 | D:5      | Entered Level 5 of the Dungeon
  3895 | D:5      | Reached XP level 7. HP: 42/45 MP: 0/0
  3895 | D:5      | Learned a level 3 spell: Swiftness
  3932 | D:5      | Reached skill level 6 in Spellcasting
  3932 | D:5      | Reached skill level 6 in Conjurations
  3932 | D:5      | Reached skill level 6 in Hexes
  3932 | D:5      | Reached skill level 6 in Summonings
  3932 | D:5      | Reached skill level 6 in Necromancy
  3932 | D:5      | Reached skill level 6 in Translocations
  3932 | D:5      | Reached skill level 6 in Transmutations
  3932 | D:5      | Reached skill level 6 in Fire Magic
  3932 | D:5      | Reached skill level 6 in Ice Magic
  3932 | D:5      | Reached skill level 6 in Air Magic
  3932 | D:5      | Reached skill level 6 in Earth Magic
  3932 | D:5      | Reached skill level 6 in Poison Magic
  3937 | D:5      | Noticed Blork the orc
  3945 | D:5      | Killed Blork the orc
  4045 | D:5      | Found the +8 Vampire's Tooth {megavamp}
  4067 | D:5      | Noticed Eustachio
  4070 | D:5      | HP: 4/45 [gnoll/+0 halberd[a gnoll bouda] (9)]
  4071 | D:5      | Slain by a scorpion

Vanquished Creatures
  Pargi (Sewer)
  Blork the orc (D:5)
  A howler monkey (D:5)
  3 hounds
  2 iguanas
  Jessica (D:2)
  3 gnolls (D:5)
  6 adders
  An ufetubus (D:5)
  A worm (D:4)
  3 dart slugs
  2 orcs
  5 bats
  An endoplasm (D:1)
  2 giant cockroaches (D:4)
  5 goblins
  11 hobgoblins
  3 jackals (D:1)
  10 kobolds
  A quokka (D:3)
  10 ball pythons
  10 frilled lizards
  5 rats
88 creatures vanquished.

Vanquished Creatures (collateral kills)
  A foxfire (D:2)
1 creature vanquished.

Vanquished Creatures (others)
  268 foxfires
268 creatures vanquished.

Grand Total: 357 creatures vanquished

Table legend: (Time is in decaauts)
 A = Elapsed time spent in this place.
 B = Non-inter-level travel time spent in this place.
 C = Inter-level travel time spent in this place.
 D = Time resting spent in this place.
 E = Time spent auto-exploring this place.
 F = Levels seen in this place.
 G = Mean time per level.
                   A        B        C        D        E       F      G
               +--------+--------+--------+--------+--------+-----+--------+
         Total |   4068 |   3893 |    175 |      0 |   3345 |   6 |  678.0 |
       Dungeon |   3858 |   3683 |    175 |      0 |   3164 |   5 |  771.6 |
         Sewer |    210 |    210 |      0 |      0 |    181 |   1 |  210.0 |
               +--------+--------+--------+--------+--------+-----+--------+

Top non-repeatable levels by time:
     D:2: 1186 daAuts
     D:1: 1186 daAuts
     D:3: 658 daAuts
     D:4: 647 daAuts
   Sewer: 210 daAuts
     D:5: 179 daAuts

Table legend:
 A = Non-vault XP
 B = Vault XP
 C = Vault XP percentage of total XP
 D = Non-vault monster count
 E = Vault monster count
 F = Vault count percentage of total count
                 A         B        C        D         E       F
            +---------+---------+-------+---------+---------+-------
      Total |     486 |     289 |  37.3 |      67 |      21 |  23.9
            +---------+---------+-------+---------+---------+-------
        D:1 |      36 |       5 |  12.2 |      20 |       3 |  13.0
        D:2 |      59 |      49 |  45.4 |      15 |       9 |  37.5
        D:3 |      97 |       1 |   1.0 |      15 |       1 |   6.2
        D:4 |     109 |       6 |   5.2 |      10 |       2 |  16.7
        D:5 |     185 |      90 |  32.7 |       7 |       1 |  12.5
      Sewer |       0 |     138 | 100.0 |       0 |       5 | 100.0
            +---------+---------+-------+---------+---------+-------
